 Dungeon Crawl Stone Soup version 0.28.0-53-g5a82cb258f (webtiles) character file.

Game seed: 17270557462924460461

17430 Icepheonix32 the Martial Artist (level 12, -5/135 HPs)
             Began as a Purple Draconian Transmuter on June 6, 2022.
             Was a High Priest of Jiyva.
             Slain by a death yak simulacrum (9 damage)
             ... in an ice cave.
             The game lasted 00:39:44 (12125 turns).

Icepheonix32 the Martial Artist (DrTm)             Turns: 12125, Time: 00:39:45

Health: -5/135     AC: 11    Str: 12    XL:     12   Next: 18%
Magic:  0/16       EV: 11    Int: 18    God:    Jiyva [*****.]
Gold:   225        SH:  0    Dex: 13    Spells: 3/17 levels left

rFire   x . .      SeeInvis .     - Unarmed
rCold   + + +      Faith    .   (shield currently unavailable)
rNeg    . . .      Spirit   +   (armour unavailable)
rPois   +          Reflect  .   (helmet currently unavailable)
rElec   .          Harm     .   (cloak currently unavailable)
rCorr   +          Rampage  .   (gloves currently unavailable)
Will    ++...                   (boots currently unavailable)
Stlth   ++........              E - amulet of guardian spirit
HPRegen 1.76/turn               u - ring of willpower
MPRegen 0.60/turn               M - +4 ring of protection

@: mighty, about to teleport, ice-form
A: freezing attack, amphibious, boosted hp, (breathe power), AC +8, large,
unfitting armour, (cold-blooded), robust 1, (acidic bite), (gelatinous body 3),
(translucent skin 3), (jelly sensing items)
a: End Transformation, Renounce Religion, Oozemancy, Slimify


You were in an ice cave.
You worshipped Jiyva.
Jiyva was extremely pleased with you.
You were a creature of crystalline ice.
You visited 2 branches of the dungeon, and saw 14 of its levels.
You also visited: Sewer, Bailey and Ice Cave.

You collected 788 gold pieces.
You spent 563 gold pieces at shops.

Inventory:

Hand Weapons
 d - a +3 long sword of holy wrath
 p - a +3 hand crossbow of freezing
 w - the +10 rapier of Uskayaw's Generosity {freeze, rPois rN+}
   (You found it on level 7 of the Dungeon)

   It freezes those it strikes, dealing additional cold damage.
   It can also slow down cold-blooded creatures.
   rPois:     It protects you from poison.
   rN:        It protects you from negative energy.
Missiles
 l - 33 poisoned darts
 q - 56 bolts
 v - 23 sling bullets
 x - a throwing net
 L - 5 silver boomerangs
Armour
 a - a +1 pair of gloves (melded)
 s - a +0 pair of boots (melded)
 J - a +0 buckler
 K - a +1 cloak (melded)
Magical Staves
 y - a staff of conjuration
Jewellery
 u - a ring of willpower (left front paw)
 E - an amulet of guardian spirit (around neck)
 M - a +4 ring of protection (right front paw)
 N - an amulet of regeneration
Wands
 D - a wand of flame (6)
Scrolls
 e - a scroll of torment
 h - 3 scrolls of teleportation
 i - a scroll of silence
 n - a scroll of fear {unknown}
 o - 2 scrolls of amnesia
 t - a scroll of immolation {unknown}
 B - a scroll of blinking
 F - 3 scrolls of vulnerability {unknown}
 G - a scroll of fog
 H - a scroll of noise
 I - a scroll of magic mapping
Potions
 b - a potion of ambrosia
 c - 6 potions of heal wounds
 f - 7 potions of haste {unknown}
 g - 5 potions of curing
 j - a potion of resistance
 k - a potion of brilliance
 m - a potion of invisibility
 r - a potion of lignification
 z - 2 potions of cancellation
 A - 2 potions of mutation {unknown}
 C - 3 potions of magic


   Skills:
 * Level 8.4 Fighting
 + Level 0.7(0.9) Short Blades
 + Level 0.6(0.8) Long Blades
 + Level 2.1 Crossbows
 * Level 4.3 Dodging
 + Level 2.3 Stealth
 + Level 12.9 Unarmed Combat
 + Level 3.2 Spellcasting
 * Level 11.5 Transmutations
 + Level 0.2 Ice Magic
 * Level 2.8 Earth Magic
 + Level 0.1 Poison Magic
 * Level 4.2 Evocations


You had 3 spell levels left.
You knew the following spells:

 Your Spells              Type           Power      Damage    Failure   Level
a - Beastly Appendage     Tmut           88%        N/A       1%          1
b - Wereblood             Tmut           44%        N/A       1%          2
c - Spider Form           Tmut/Pois      23%        N/A       4%          3
d - Ice Form              Ice/Tmut       24%        N/A       14%         4
e - Petrify               Tmut/Erth      28%        N/A       9%          4

Your spell library contained the following spells:

 Spells                   Type           Power      Damage    Failure   Level
 Frozen Ramparts          Ice            6%         1d2       41%         3
 Statue Form              Tmut/Erth      18%        N/A       77%         6
 Dispel Undead            Necr           2%         3d7       85%         4
 Agony                    Necr           2%         N/A       99%         5
 Freezing Cloud           Conj/Ice/Air   1%         6-21      99%         5
 Metabolic Englaciation   Hex/Ice        1%         N/A       99%         5


Dungeon Overview and Level Annotations

Branches:
Dungeon (12/15)            Temple (0/1) D:4            Lair (0/6) D:9
    Orc (2/2) D:9             Elf (0/3) Orc:2         Sewer (visited)
 Bailey (visited)           IceCv (1/1)

Altars:
Ashenzari
Fedhas
Kikubaaqudgha
Trog
Yredelemnul
Beogh

Shops:
D:5 **   D:6 [   D:9 ([   D:10 ?   Orc:1 *

Annotations:
IceCv 1 transporter


Innate Abilities, Weirdness & Mutations

You are a creature of crystalline ice.
You have a powerful freezing melee attack.
You are amphibious.
Your maximum health is increased.
Your armour is entirely melded.
You are incapable of wielding weapons or throwing items.
((You can breathe bolts of dispelling energy.))
((Your rich purple scales are hard. (AC +8)))
You cannot fit into any form of body armour.
((You are cold-blooded and may be slowed by cold attacks.))
You are robust. (+10% HP)
((You have acidic saliva.))
((Your gelatinous body deflects attacks. (AC +3, EV +3)))
((Your transparent skin significantly reduces your foes' accuracy. (Stealth+)))
((You have a small jelly attached to you that senses nearby items.))


Message History

The wolf simulacrum completely misses you.
The death yak simulacrum gores you!
* * * LOW HITPOINT WARNING * * *
The death yak simulacrum freezes you. You resist.
* * * LOW HITPOINT WARNING * * *
The death yak simulacrum gores you.
* * * LOW HITPOINT WARNING * * *
The death yak simulacrum freezes you. You resist.
* * * LOW HITPOINT WARNING * * *
The wolf simulacrum bites you but does no damage.
Unknown command.
You feel much better.
The polar bear simulacrum closely misses you.
The polar bear simulacrum completely misses you.
The polar bear simulacrum claws you but does no damage.
The wolf simulacrum bites you.
* * * LOW HITPOINT WARNING * * *
The wolf simulacrum freezes you. You resist.
* * * LOW HITPOINT WARNING * * *
The death yak simulacrum barely misses you.
You pummel the death yak simulacrum!!
The death yak simulacrum is heavily damaged.
The wolf simulacrum barely misses you.
The death yak simulacrum closely misses you.
The polar bear simulacrum bites you but does no damage.
The polar bear simulacrum claws you.
* * * LOW HITPOINT WARNING * * *
The polar bear simulacrum freezes you. You resist.
* * * LOW HITPOINT WARNING * * *
The polar bear simulacrum claws you but does no damage.
Unknown command.
As you read the scroll of teleportation, it crumbles to dust.
You feel strangely unstable.
The wolf simulacrum bites you but does no damage.
The death yak simulacrum gores you.
* * * LOW HITPOINT WARNING * * *
The death yak simulacrum freezes you. You resist.
* * * LOW HITPOINT WARNING * * *
The death yak simulacrum gores you!
You die...

#######
##.....##
##...∩...##
##.........##
#.....∩.....#
#....ZYZ....#
#....Z.Z....#
#.............#
#....8...8....#
#....../......#
##....$?[....##
#...$.©.!...#
##...8©8...##


You could see a wolf simulacrum, 2 death yak simulacra and a polar bear
simulacrum.

Vanquished Creatures
  Josephine (D:12)
  Harold (D:10)
  A boulder beetle (D:11)
  4 two-headed ogres
  An orc high priest (Orc:2)
  Pikel (D:8)
  An orc knight (Orc:2)
  A deep elf pyromancer (D:12)
  2 cyclopes
  An ugly thing (IceCv)
  Maurice (D:12)
  2 gargoyles
  Joseph (D:7)
  2 trolls
  A shadow (D:12)
  3 wyverns
  6 yaks (D:10)
  5 wraiths (D:12)
  Eustachio (D:4)
  A steam dragon (D:9)
  4 vampire mosquitoes
  An acid dragon (D:9)
  15 orc warriors
  A sky beast (D:6)
  A necrophage (D:7)
  An ogre (Orc:1)
  A centaur (D:11)
  3 kobold brigands
  A bullfrog (D:9)
  A gnoll sergeant (D:8)
  3 two-headed ogre simulacra (Orc:2)
  2 cane toad simulacra (Orc:2)
  A wyvern skeleton (D:3)
  3 wights (D:7)
  12 killer bees
  2 howler monkeys
  6 centaur zombies
  A jelly (Sewer)
  7 orc priests
  2 hounds
  13 orc wizards
  Natasha (thrice) (D:2)
  2 iguanas
  A wolf simulacrum (Orc:2)
  18 gnolls
  2 river rats (Sewer)
  13 adders
  2 naga simulacra (Orc:2)
  A shadow imp (D:8)
  2 white imps
  An ufetubus (D:7)
  A worm (D:2)
  A dart slug (D:4)
  56 orcs
  11 endoplasms
  3 giant cockroaches
  5 goblins
  3 hobgoblins
  2 jackals (D:3)
  7 quokkas
  12 ball pythons
  11 bats
  5 frilled lizards
  23 kobolds
  A kobold skeleton (D:9)
  7 rats
311 creatures vanquished.

Vanquished Creatures (collateral kills)
  A vampire mosquito (D:9)
  An acid dragon (D:9)
  3 orc warriors
5 creatures vanquished.

Vanquished Creatures (others)
  A molten gargoyle (D:12)
  2 kobold demonologists (D:12)
  3 slime creatures (D:12)
  A wraith (D:12)
  A vampire mosquito (D:9)
  A warg (Orc:1)
  A water moccasin (D:5)
  A necrophage (D:6)
  A centaur (D:6)
  An ice beast (D:7)
  A lemure (D:8)
  A bullfrog (D:6)
  4 kobold brigands (D:9)
  A gnoll sergeant (D:7)
  38 jellies
  A wight (D:7)
  2 electric eels (D:12)
  2 hounds
  3 orc priests
  2 iguanas
  3 orc wizards
  2 hound skeletons (D:4)
  A howler monkey zombie (D:9)
  2 gnolls (D:7)
  3 adders
  A shadow imp (D:9)
  10 orcs
  An endoplasm (Sewer)
  A hobgoblin (D:3)
  A quokka (D:3)
  15 kobolds
  5 kobold skeletons (D:9)
  4 kobold zombies (D:9)
  A rat (D:3)
118 creatures vanquished.

Grand Total: 434 creatures vanquished

Notes
Turn   | Place    | Note
-------+----------+-------------------------------------------
     0 | D:1      | Icepheonix32 the Draconian Transmuter began the quest for
                  | the Orb.
     0 | D:1      | Reached XP level 1. HP: 16/16 MP: 3/3
   438 | D:1      | Reached XP level 2. HP: 23/23 MP: 3/5
  1019 | D:1      | Found a faded altar of an unknown god.
  1087 | D:1      | Reached XP level 3. HP: 28/28 MP: 6/6
  1473 | D:2      | Reached skill level 4 in Unarmed Combat
  1862 | D:2      | Reached XP level 4. HP: 35/35 MP: 5/7
  1978 | D:2      | Noticed Natasha
  1988 | D:2      | Killed Natasha
  2439 | D:2      | Learned a level 2 spell: Wereblood
  2443 | D:2      | Learned a level 3 spell: Spider Form
  2580 | D:3      | Reached XP level 5. HP: 31/40 MP: 6/8
  2723 | D:3      | Found a glowing drain.
  2764 | Sewer    | Entered a sewer
  3124 | Sewer    | Found a viscous altar of Jiyva.
  3143 | Sewer    | Became a worshipper of Jiyva Joptolus the Shapeless
  3306 | D:3      | Found a blossoming altar of Fedhas.
  3505 | D:3      | Reached skill level 5 in Unarmed Combat
  3505 | D:3      | Reached skill level 5 in Transmutations
  3505 | D:3      | Reached XP level 6. HP: 28/47 MP: 6/9
  3771 | D:3      | Reached * piety under Jiyva
  4070 | D:2      | Noticed Natasha
  4072 | D:2      | Killed Natasha
  4085 | D:2      | Noticed Natasha
  4104 | D:2      | Killed Natasha
  4199 | D:4      | Noticed Eustachio
  4216 | D:4      | Killed Eustachio
  4217 | D:4      | Reached skill level 1 in Evocations
  4389 | D:4      | Reached ** piety under Jiyva
  4505 | D:4      | Found a staircase to the Ecumenical Temple.
  4560 | D:4      | Found a broken altar of Ashenzari.
  4932 | D:5      | Entered Level 5 of the Dungeon
  4973 | D:5      | Your scales start taking on a rich purple colour.
  4973 | D:5      | Reached XP level 7. HP: 41/52 MP: 8/10
  4975 | D:5      | Reached skill level 1 in Crossbows
  4988 | D:5      | Found Daificwe's General Store.
  4989 | D:5      | Reached *** piety under Jiyva
  4989 | D:5      | Found Vumyrruv's Specific Store.
  5001 | D:5      | Bought a scroll of identify for 22 gold pieces
  5264 | D:5      | Gained mutation: Your translucent skin slightly reduces
                  | your foes' accuracy. (Stealth+) [Jiyva's grace]
  5264 | D:5      | Gained mutation: Your translucent skin reduces your foes'
                  | accuracy. (Stealth+) [Jiyva's grace]
  5264 | D:5      | Gained mutation: Your transparent skin significantly
                  | reduces your foes' accuracy. (Stealth+) [Jiyva's grace]
  5264 | D:5      | Gained mutation: Your flesh is heat resistant. (rF+)
                  | [Jiyva's grace]
  5421 | D:6      | Got the Catalogue of Ghastly Cold
  5505 | D:6      | Reached skill level 6 in Unarmed Combat
  5577 | D:6      | Reached **** piety under Jiyva
  5608 | D:6      | Found a basalt altar of Yredelemnul.
  5676 | D:6      | Noticed a steam dragon
  5740 | D:6      | Slimified a steam dragon
  5740 | D:6      | Noticed a slime creature
  5740 | D:6      | a steam dragon changed into a slime creature
  6171 | D:6      | Found Toymadid's Antique Armour Emporium.
  6590 | D:7      | Reached XP level 8. HP: 54/59 MP: 11/11
  6690 | D:7      | Reached skill level 7 in Unarmed Combat
  6715 | D:7      | Noticed Joseph
  6734 | D:7      | Killed Joseph
  6821 | D:7      | Identified the +10 rapier of Uskayaw's Generosity {freeze,
                  | rPois rN+}
  6982 | D:7      | Reached skill level 8 in Unarmed Combat
  7471 | D:8      | Reached XP level 9. HP: 25/64 MP: 12/12
  7737 | D:8      | Reached ***** piety under Jiyva
  7737 | D:8      | Gained mutation: You have acidic saliva. [Jiyva's grace]
  7737 | D:8      | Gained mutation: You have a small jelly attached to you
                  | that senses nearby items. [Jiyva's grace]
  7737 | D:8      | Gained mutation: You have a pair of small horns on your
                  | head. [Jiyva's grace]
  7737 | D:8      | Gained mutation: You have a pair of horns on your head.
                  | [Jiyva's grace]
  7908 | D:8      | Noticed Pikel
  7924 | D:8      | Killed Pikel
  7925 | D:8      | Reached skill level 9 in Unarmed Combat
  8237 | D:9      | Reached skill level 10 in Unarmed Combat
  8238 | D:9      | Found Zuiq's Weapon Shop.
  8242 | D:9      | Found a staircase to the Orcish Mines.
  8321 | D:9      | Found Huovowuo's Armour Shop.
  8399 | D:9      | Found a flagged portal.
  8409 | Bailey   | Entered a bailey
  8429 | Bailey   | Learned a level 4 spell: Ice Form
  8615 | Bailey   | Reached XP level 10. HP: 57/76 MP: 13/13
  8842 | D:9      | Found an ancient bone altar of Kikubaaqudgha.
  8933 | D:9      | Found a staircase to the Lair.
  9058 | D:9      | Noticed a rust devil
  9073 | D:10     | Entered Level 10 of the Dungeon
  9073 | D:10     | Found Kyneodwi's Magic Scroll Shoppe.
  9080 | D:10     | Bought a scroll of fog for 28 gold pieces
  9080 | D:10     | Bought a scroll of noise for 14 gold pieces
  9080 | D:10     | Bought a scroll of magic mapping for 49 gold pieces
  9081 | D:10     | Bought a scroll of identify for 28 gold pieces
  9081 | D:10     | Bought a scroll of identify for 28 gold pieces
  9121 | D:10     | Reached skill level 5 in Fighting
  9123 | D:10     | Reached skill level 11 in Unarmed Combat
  9127 | D:10     | Reached skill level 10 in Transmutations
  9357 | D:10     | Noticed Harold
  9360 | D:10     | Noticed a two-headed ogre
  9379 | D:10     | Killed Harold
  9381 | D:10     | Killed a two-headed ogre
  9382 | D:10     | Reached skill level 12 in Unarmed Combat
  9382 | D:10     | Reached XP level 11. HP: 57/91 MP: 7/14
  9527 | D:10     | Noticed a two-headed ogre
  9543 | D:10     | Killed a two-headed ogre
  9681 | D:11     | Noticed a boulder beetle
  9691 | D:11     | Killed a boulder beetle
  9973 | D:11     | Found a bloodstained altar of Trog.
 10110 | D:11     | Noticed a two-headed ogre
 10121 | D:11     | Killed a two-headed ogre
 10492 | D:12     | Lost mutation: You have a pair of horns on your head.
                  | [Jiyva's grace]
 10492 | D:12     | Lost mutation: You have a pair of small horns on your head.
                  | [Jiyva's grace]
 10492 | D:12     | Lost mutation: Your flesh is heat resistant. (rF+) [Jiyva's
                  | grace]
 10492 | D:12     | Gained mutation: Your rubbery body absorbs attacks. (AC +1,
                  | EV +1) [Jiyva's grace]
 10492 | D:12     | Gained mutation: Your pliable body absorbs attacks. (AC +2,
                  | EV +2) [Jiyva's grace]
 10492 | D:12     | Gained mutation: Your gelatinous body deflects attacks. (AC
                  | +3, EV +3) [Jiyva's grace]
 10492 | D:12     | Gained mutation: You are robust. (+10% HP) [Jiyva's grace]
 10548 | D:12     | Learned a level 4 spell: Petrify
 10600 | D:12     | Reached ****** piety under Jiyva
 10615 | D:12     | Noticed Maurice
 10638 | D:12     | Killed Maurice
 10639 | D:12     | Reached skill level 1 in Stealth
 10729 | D:12     | Reached skill level 1 in Earth Magic
 10766 | D:12     | Noticed Josephine
 10778 | D:12     | Noticed a sixfirhy
 10778 | D:12     | Killed Josephine
 10779 | D:12     | Noticed a two-headed ogre
 10793 | D:12     | Noticed a deep elf pyromancer
 10828 | D:12     | Killed a deep elf pyromancer
 10923 | D:12     | Killed a two-headed ogre
 11622 | Orc:1    | Entered Level 1 of the Orcish Mines
 11792 | Orc:1    | Found Bauhusiq's Assorted Antiques.
 11807 | Orc:1    | Bought an agate ring for 90 gold pieces
 11807 | Orc:1    | Bought a lumpy blue amulet for 90 gold pieces
 11807 | Orc:1    | Bought a sedimented red potion for 16 gold pieces
 11807 | Orc:1    | Bought a scroll labelled HEROUCKANAPS for 18 gold pieces
 11807 | Orc:1    | Bought a scroll labelled HEROUCKANAPS for 18 gold pieces
 11808 | Orc:1    | Bought a potion of curing for 54 gold pieces
 11808 | Orc:1    | Bought a scroll of identify for 36 gold pieces
 11808 | Orc:1    | Bought a potion of might for 72 gold pieces
 11904 | Orc:2    | Entered Level 2 of the Orcish Mines
 11934 | Orc:2    | Noticed an orc knight
 11948 | Orc:2    | Killed an orc knight
 11949 | Orc:2    | Reached XP level 12. HP: 63/112 MP: 8/16
 11996 | Orc:2    | Found a frozen archway.
 12078 | Orc:2    | Noticed an orc high priest
 12089 | Orc:2    | Killed an orc high priest
 12108 | IceCv    | Entered an ice cave
 12110 | IceCv    | Found a transporter.
 12122 | IceCv    | HP: 5/135 [death yak simulacrum (5)]
 12122 | IceCv    | HP: 1/135 [death yak simulacrum (4)]
 12125 | IceCv    | Slain by a death yak simulacrum

Illustrated notes

Levels and vault maps discovered:
D:1:      scummos_arrival_star, layout_basic, basic_ecumenical_altar,
          supply_closet_lemuel, nicolae_concentric_dashed_squares_mild
D:2:      layout_loops_ring, kennysheep_cluttered_room, uniq_natasha
D:3:      layout_basic, mainiacjoe_overflow_catwalk, portal_sewer_entry_f,
          minivault_14, kennysheep_potato
D:4:      layout_basic, nicolae_ashenzari_panopticon,
          minmay_temple_entry_poolview, uniq_eustachio
D:5:      layout_cave_pools, nicolae_specific_store
D:6:      layout_loops_ring, mainiacjoe_overflow_surrounded_room, serial_shops,
          nicolae_lakefront_shop
D:7:      layout_loops_ring, uniq_joseph
D:8:      layout_loops_corners, uniq_pikel
D:9:      wander_kiku_kobolds, layout_cave_pools, mainiacjoe_overflow_swirl,
          orc_david_3, enter_bailey_2
D:10:     layout_rooms, serial_shops, shop, uniq_harold
D:11:     layout_loops_ring, david_defended_altar_orc
D:12:     layout_layer_cave, nicolae_lava_and_water, uniq_maurice,
          uniq_josephine
Orc:1:    layout_caves, basic_altar, serial_shops, shop
Orc:2:    st_orc_ogre_mass, layout_caves, basic_altar,
          portal_ice_cave_entry_ice_simulacra, nicolae_orc_crystal_geode
IceCv:    ice_cave_statue_garden_transporter

Skill      XL: |  1  2  3  4  5  6  7  8  9 10 11 12 |
---------------+-------------------------------------+-----
Transmutations | 3 4 5 6 8 9 10 11 | 11.5
Unarmed Combat | 4 5 6 8 10 12 | 12.9
Evocations     | 1 3 4 |  4.2
Crossbows      | 1 2 |  2.1
Fighting       | 3 6 8 |  8.4
Dodging        | 3 4 |  4.3
Stealth        | 2 |  2.3
Earth Magic    | 2 |  2.8
Spellcasting   | 3 |  3.2
Short Blades   | |  0.7
Long Blades    | |  0.6
Ice Magic      | |  0.2
Poison Magic   | |  0.1

Action                   |  1- 3 |  4- 6 |  7- 9 | 10-12 || total
-------------------------+-------+-------+-------+-------++-------
Melee: Unarmed           |    93 |   140 |   294 |   300 ||   827
       Headbutt          |     8 |    13 |    45 |    72 ||   138
       Kick              |    13 |    34 |    46 |    72 ||   165
       Tailslap          |     4 |    11 |    33 |    74 ||   122
       Punch             |     1 |     6 |    14 |    26 ||    47
       Rapier            |       |       |    28 |   104 ||   132
       Bite              |       |       |    14 |    39 ||    53
       Long sword        |       |       |       |    34 ||    34
 Fire: Hand crossbow     |       |    14 |    13 |     4 ||    31
Throw: Dart              |       |       |       |     4 ||     4
       Throwing net      |       |       |       |     1 ||     1
 Cast: Beastly Appendage |    26 |    27 |    23 |    19 ||    95
       Wereblood         |       |     3 |    10 |    10 ||    23
       Spider Form       |       |       |     8 |     4 ||    12
       Ice Form          |       |       |       |     5 ||     5
       Petrify           |       |       |       |     2 ||     2
Invok: Slimify           |       |       |     1 |       ||     1
       Oozemancy         |       |       |       |     3 ||     3
 Abil: Breathe Dispellin |       |       |     2 |     4 ||     6
Evoke: Wand              |       |    14 |       |       ||    14
  Use: Potion            |     1 |     2 |     1 |     6 ||    10
       Scroll            |       |     4 |     9 |     8 ||    21
 Stab: Sleeping          |       |       |     4 |     4 ||     8
       Distracted        |       |       |     1 |       ||     1
       Petrified         |       |       |       |     9 ||     9
Armor: Skin              |    55 |    52 |    73 |   133 ||   313
Dodge: Dodged            |    92 |   126 |   293 |   444 ||   955
